 Dungeon Sprint DCSS version 0.22.1-1-ga44c0e56f4 (webtiles) character file.

112 KleinerIrrer the Skirmisher (level 4, -4/32 HPs)
             Began as a Gargoyle Fighter on Nov 2, 2018.
             Slain by a rust devil (7 damage)
             ... summoned by a deep elf mage
             ... in the Dungeon (Sprint III: "The Ten Rune Challenge").
             The game lasted 00:01:26 (864 turns).

KleinerIrrer the Skirmisher (Gargoyle Fighter)       Turns: 864, Time: 00:01:27

Health: -4/32      AC:  7    Str: 21    XL:     4   Next: 93%
Magic:  4/4        EV:  8    Int:  8    God:
Gold:   17         SH: 10    Dex:  9    Spells: 3/3 levels left

rFire    . . .     SeeInvis .   a - +0 flail
rCold    . . .     Gourm    .   c - +0 shield
rNeg     + . .     Faith    .   b - +0 scale mail
rPois    ∞         Spirit   .   (no helmet)
rElec    +         Reflect  .   (no cloak)
rCorr    .         Harm     .   (no gloves)
MR       .....     NoTele   +   (no boots)
Stlth    ..........             (no amulet)
HPRegen  0.10/turn              (no ring)
MPRegen  0.09/turn              (no ring)

@: corroded
A: negative energy resistance 1, electricity resistance, unbreathing,
petrification resistance, rot immunity, AC +3
a: no special abilities


You were in the Dungeon.
You were not hungry.

You visited 1 branch You collected 17 gold pieces.

Inventory:

Hand Weapons
 a - a +0 flail (weapon)
Armour
 b - a +0 scale mail (worn)
 c - a +0 shield (worn)
Wands
 m - a wand of polymorph (6)
Scrolls
 k - 2 scrolls of blinking
 l - a scroll of random uselessness {unknown}
 n - a scroll of identify {unknown}
 o - a scroll of immolation
 p - 3 scrolls of remove curse
 s - a scroll of holy word {unknown}
Potions
 d - a potion of might
 e - a potion of curing
 g - a potion of heal wounds
 h - a potion of haste
 i - 2 potions of magic
 j - a potion of berserk rage
 q - 2 potions of flight
 r - 5 potions of mutation
 t - a potion of invisibility {unknown}
Comestibles
 f - 3 rations


   Skills:
 + Level 6.0 Fighting
 + Level 5.1 Maces & Flails
 + Level 6.0 Armour
 + Level 5.9 Shields


You had 3 spell levels left.
You didn't know any spells.
Your spell library was empty.

Dungeon Overview and Level Annotations

Branches:
Dungeon (1/1)

Altars:
Elyvilon
Zin
The Shining One


Innate Abilities, Weirdness & Mutations

You are resistant to torment.
Your stone body is resilient. (AC +3)
You are immune to poison.
You resist negative energy. (rN+)
You are resistant to electric shocks. (rElec)
You can survive without breathing.
You are immune to petrification.
You are immune to rotting.


Message History

The deep elf mage is lightly wounded.
You block the deep elf mage's attack.
You thump the deep elf mage!
The deep elf mage is heavily wounded.
You miss the deep elf mage.
The deep elf mage is heavily wounded.
The deep elf mage casts a spell. x2
You hit the deep elf mage.
The deep elf mage is heavily wounded.
The deep elf mage casts a spell.
The chaos spawn gores you! The chaos spawn shocks you. You resist.
The rust devil hits you. The rust devil corrodes you!
You closely miss the deep elf mage.
The deep elf mage is heavily wounded.
You block the demonic crawler's attack. x3
The deep elf mage hits you with a long sword of holy wrath!
The hell rat bites you!
* * * LOW HITPOINT WARNING * * *
The rust devil hits you!
You die...

▓▓▓▓▓▓▓▓▓ ▓▓▓ ..'.....♣
♣.##### ..#.....♣ ♣.#rs_#
###.....♣♣ ♣.#e@4#
..#....≈.♣♣♣♣.###4#+###+
..#...≈≈♣..♣..#..........
..#..≈≈≈≈.♣...'.⌠........
#'#..≈≈≈≈≈≈.♣.#...######+
.[#.≈≈≈≈≈≈....#.⌠.#
..#.≈≈≈≈≈.....#...#
..#.≈≈≈.......#+###
###...........#


You could see a demonic crawler, a rust devil, a deep elf mage, a chaos spawn
and a hell rat.

Vanquished Creatures
  A water elemental (D)
  Jessica (D)
  A human (D)
  2 oozes (D)
  A phantom (D)
  A rat (D)
7 creatures vanquished.

Vanquished Creatures (others)
  2 draconian scorchers (D)
  6 hellions (D)
  A yaktaur (D)
  5 plants (D)
14 creatures vanquished.

Grand Total: 21 creatures vanquished

Notes
Turn   | Place    | Note
-------+----------+-------------------------------------------
     0 | D        | KleinerIrrer the Gargoyle Fighter began the quest for the
                  | Orb.
     0 | D        | Reached XP level 1. HP: 14/14 MP: 1/1
     6 | D        | Reached XP level 2. HP: 20/20 MP: 2/2
    12 | D        | Noticed Jessica
    25 | D        | Killed Jessica
    25 | D        | Reached skill level 5 in Fighting
    25 | D        | Reached skill level 5 in Shields
    25 | D        | Reached XP level 3. HP: 21/26 MP: 3/3
    36 | D        | Killed a yaktaur
   100 | D        | Killed a hellion
   109 | D        | Killed a hellion
   110 | D        | Killed a hellion
   110 | D        | Killed a hellion
   119 | D        | Killed a hellion
   121 | D        | Killed a hellion
   182 | D        | Killed a white draconian scorcher
   205 | D        | Killed a white draconian scorcher
   225 | D        | Reached skill level 5 in Armour
   564 | D        | Reached XP level 4. HP: 16/31 MP: 4/4
   741 | D        | Noticed a water elemental
   747 | D        | Killed a water elemental
   747 | D        | Reached skill level 5 in Maces & Flails
   857 | D        | Found a glowing silver altar of Zin.
   858 | D        | Found a glowing golden altar of the Shining One.
   858 | D        | Found a white marble altar of Elyvilon.
   858 | D        | Noticed a deep elf mage
   863 | D        | Noticed a rust devil
   863 | D        | Noticed a chaos spawn
   864 | D        | Noticed a demonic crawler
   864 | D        | Slain by a rust devil

Skill      XL: |  1  2  3  4 |
---------------+-------------+-----
Fighting       | 4 5 6 |  6.0
Armour         | 4 5 6 |  6.0
Shields        | 4 5 |  5.9
Maces & Flails | 3 5 |  5.1

Action                   |  1- 3 |  4- 6 || total
-------------------------+-------+-------++-------
Melee: Flail             |    45 |    10 ||    55
  Use: Scroll            |       |     1 ||     1
Armor: Scale mail        |    12 |     1 ||    13
       Skin              |     2 |       ||     2
Dodge: Dodged            |    12 |     2 ||    14
Block: Shield            |    16 |     6 ||    22
